[Event "Titled Tuesday Blitz November 29 Late 2022"]
[White "Mesa Cruz, Juan Carlos"]
[Black "Joubert, Dantelle"]
[WhiteFideId "6423400"]
[BlackFideId "14310813"]
[WhiteElo "2059"]
[BlackElo "1507"]
[Result "1-0"]
[Round "04"]
[TimeControl "180+1"]
[Date "2022.11.30"]
[WhiteClock "0:00:07"]
[BlackClock "0:00:15"]

1. e4 e5 2. Nf3 Nc6 3. Bb5 Nf6 4. d3 Bc5 5. c3 O-O 6. O-O d6 7. a4 a6 8. Bc4 Ba7 9. Nbd2 Ne7 10. Re1 Ng6 11. Nf1 Qe7 12. Ng3 h6 13. Nf5 Bxf5 14. exf5 Nh8 15. d4 e4 16. d5 Qd7 17. Nh4 Rfe8 18. Bf4 Re7 19. Qd2 Nh5 20. Bxh6 gxh6 21. Qxh6 f6 22. Qxh5 Rh7 23. Qg4+ Qg7 24. Qxe4 Nf7 25. Ng6 Ne5 26. Nxe5 fxe5 27. g3 Qf6 28. Kg2 Kf7 29. Bd3 Rg8 30. Qc4 Qh6 31. Qxc7+ Kf8 32. Qd8+ Kf7 33. Qd7+ Kf8 34. Qc8+ Kf7 35. Qe6+ Kf8 36. Qxh6+ Rxh6 37. f3 Rgh8 38. h4 Rg8 39. Rh1 Be3 40. g4 Rgh8 41. Rae1 Bf4 42. h5 Ke7 43. Re4 Kf6 44. Rhe1 Kg5 45. Rxf4 Kxf4 46. Re4+ Kg5 47. Kg3 R8h7 48. c4 Rc7 49. a5 Rh8 50. b4 Rhc8 51. c5 dxc5 52. Rxe5 c4 53. Re6 Rg8 54. f4# 1-0


[Site "https://www.chess.com"]

[Event "Titled Tuesday Blitz November 29 Late 2022"]
[White "Milosevic, Milos"]
[Black "Sanchez, Robert"]
[WhiteFideId "964875"]
[BlackFideId "2034360"]
[WhiteElo "2321"]
[BlackElo "2325"]
[Result "1-0"]
[Round "04"]
[TimeControl "180+1"]
[Date "2022.11.30"]
[WhiteClock "0:00:41"]
[BlackClock "0:00:19"]

1. e4 e6 2. d4 d5 3. Nc3 Nf6 4. e5 Nfd7 5. f4 c5 6. Nf3 Nc6 7. Be3 Be7 8. a3 a6 9. dxc5 Nxc5 10. b4 Nd7 11. Bd3 f6 12. O-O O-O 13. Nd4 Nxd4 14. Bxd4 f5 15. g4 Nb6 16. Kh1 Bd7 17. Rg1 Rf7 18. Qf3 Rc8 19. Ne2 Bb5 20. Qf2 Na4 21. Rg3 Bxd3 22. cxd3 Rc2 23. Rag1 Bf8 24. Qf3 g6 25. Bf2 Nc3 26. Nd4 Rxf2 27. Qxf2 Qd7 28. gxf5 exf5 29. e6 1-0


[Site "https://www.chess.com"]

[Event "Titled Tuesday Blitz November 29 Late 2022"]
[White "Mohammed, Zozek Salah Mohammed"]
[Black "Tisaj, Domen"]
[WhiteFideId "4803361"]
[BlackFideId "14628708"]
[WhiteElo "2199"]
[BlackElo "2352"]
[Result "1-0"]
[Round "04"]
[TimeControl "180+1"]
[Date "2022.11.30"]
[WhiteClock "0:01:00"]
[BlackClock "0:00:32"]

1. d4 d5 2. c4 dxc4 3. Nf3 Nf6 4. g3 c5 5. Bg2 cxd4 6. Qxd4 Qxd4 7. Nxd4 a6 8. Nd2 e5 9. N4f3 b5 10. Nxe5 Ra7 11. a4 Bb7 12. O-O Bxg2 13. Kxg2 Bd6 14. Nef3 Re7 15. axb5 axb5 16. Ra5 Rb7 17. Nd4 O-O 18. Rxb5 Rd7 19. Nxc4 Bxg3 20. hxg3 Rxd4 21. b3 Nc6 22. Bb2 Re4 23. Bxf6 gxf6 24. e3 Rd8 25. Rb6 Re6 26. Ra1 Rd3 27. Raa6 Nd8 28. Rd6 Nb7 29. Ra8+ Kg7 30. Rxd3 1-0


[Site "https://www.chess.com"]

[Event "Titled Tuesday Blitz November 29 Late 2022"]
[White "Naroditsky, Daniel"]
[Black "Hjartarson, Johann"]
[WhiteFideId "2026961"]
[BlackFideId "2300044"]
[WhiteElo "2628"]
[BlackElo "2458"]
[Result "0-1"]
[Round "04"]
[TimeControl "180+1"]
[Date "2022.11.30"]
[WhiteClock "0:00:33"]
[BlackClock "0:00:13"]

1. e4 g6 2. d4 Bg7 3. Nc3 d6 4. h4 Nf6 5. h5 Nxh5 6. Be2 Nf6 7. Bh6 Bxh6 8. Rxh6 c6 9. Qd2 Nbd7 10. Nf3 e5 11. O-O-O Qe7 12. Kb1 Ng4 13. Rh4 h5 14. Ng5 exd4 15. Qxd4 O-O 16. f4 Nc5 17. Rdh1 f6 18. Nf3 Ne6 19. Qd2 Kg7 20. f5 Ng5 21. fxg6 Rh8 22. Nd4 Nxe4 23. Nxe4 Qxe4 24. Bf3 Qe3 25. Qd1 Nf2 26. Qg1 Re8 27. Ne2 Nxh1 28. Qxh1 Bf5 29. Bxh5 Qd2 30. Bf3 Bxg6 31. Qc1 Rxe2 32. Bxe2 Qxe2 33. a4 Re8 34. Rh1 Re5 35. g4 Rc5 36. Ka1 Qxc2 37. Qf4 Rc4 38. Qh6+ Kf7 39. b3 Qxb3 0-1


[Site "https://www.chess.com"]

[Event "Titled Tuesday Blitz November 29 Late 2022"]
[White "Nasuta, Grzegorz"]
[Black "Graif, William"]
[WhiteFideId "1141686"]
[BlackFideId "2609835"]
[WhiteElo "2440"]
[BlackElo "2205"]
[Result "1-0"]
[Round "04"]
[TimeControl "180+1"]
[Date "2022.11.30"]
[WhiteClock "0:00:10"]
[BlackClock "0:00:01"]

1. e4 e5 2. Nf3 Bc5 3. Nxe5 Nc6 4. Nxc6 dxc6 5. d3 Nf6 6. f3 Nh5 7. g3 f5 8. Qe2 O-O 9. Nc3 f4 10. Qg2 Bd6 11. Ne2 Be5 12. g4 Nf6 13. Qf2 Qd6 14. d4 Bxg4 15. dxe5 Qxe5 16. Qd4 Qh5 17. Nxf4 Qh4+ 18. Qf2 Qg5 19. Bc4+ Kh8 20. Ne6 Qe5 21. Nxf8 Rxf8 22. Bd3 Nd5 23. Qg3 Qd4 24. Qxg4 Ne3 25. Qg5 Rxf3 26. Bxe3 Rxe3+ 27. Kd2 1-0


[Site "https://www.chess.com"]

[Event "Titled Tuesday Blitz November 29 Late 2022"]
[White "Nepo"]
[Black "Bjelobrk, Igor"]
[BlackFideId "4300726"]
[WhiteElo "2194"]
[BlackElo "2335"]
[Result "1-0"]
[Round "04"]
[TimeControl "180+1"]
[Date "2022.11.30"]
[WhiteClock "0:01:01"]
[BlackClock "0:00:24"]

1. e4 c5 2. Nf3 e6 3. d4 cxd4 4. Nxd4 Nf6 5. Nc3 Nc6 6. Be2 d6 7. O-O Be7 8. Be3 O-O 9. Qd2 a6 10. Rad1 Qc7 11. f4 Bd7 12. Bf3 Na5 13. b3 d5 14. exd5 Bb4 15. Nde2 Rac8 16. Bd4 Bb5 17. Nxb5 Bxd2 18. Nxc7 Bb4 19. Be5 Nd7 20. d6 f6 21. Bb2 Bxd6 22. Rxd6 Rxc7 23. c4 Nc5 24. Rfd1 Nc6 25. Bxc6 bxc6 26. Ng3 Re8 27. Ba3 Nb7 28. Rd7 Rec8 29. f5 e5 30. Ne4 c5 31. Kf2 Kf8 32. Ke2 Ke8 33. Rxc7 Rxc7 34. Nd6+ 1-0


[Site "https://www.chess.com"]

[Event "Titled Tuesday Blitz November 29 Late 2022"]
[White "Nugumanov, Bakhtiyar"]
[Black "Darini, Pouria"]
[WhiteFideId "13701797"]
[BlackFideId "12502200"]
[WhiteElo "2287"]
[BlackElo "2483"]
[Result "0-1"]
[Round "04"]
[TimeControl "180+1"]
[Date "2022.11.30"]
[WhiteClock "0:00:04"]
[BlackClock "0:00:14"]

1. e4 c5 2. Nf3 Nc6 3. d4 cxd4 4. Nxd4 Nf6 5. Nc3 d6 6. Bg5 e6 7. Bb5 Bd7 8. Qd3 h6 9. Bh4 Be7 10. O-O-O O-O 11. Bxc6 bxc6 12. Nb3 d5 13. e5 Ne8 14. Bxe7 Qxe7 15. Qd4 Nc7 16. f4 Rfb8 17. Ne4 Nb5 18. Qc5 Qd8 19. Nd6 a5 20. a4 Nxd6 21. Qxd6 Qc8 22. Rd4 c5 23. Nxc5 Be8 24. Rhd1 Ra7 25. R1d3 Rc7 26. Rc3 Rc6 27. Qe7 Rb4 28. Nb3 Rxc3 29. bxc3 Rb7 30. Qc5 Rc7 31. Qxa5 Rxc3 32. Rd2 Rxb3 33. Re2 Ra3 34. Qb4 Rxa4 35. Qb3 Qa8 36. Re3 Ra1+ 37. Kd2 Qa5+ 38. Ke2 Qb5+ 39. Kf3 Qxb3 40. cxb3 Ra3 41. Ke2 d4 42. Rg3 Bb5+ 43. Kd2 Ra2+ 44. Kc1 d3 45. b4 Rc2+ 46. Kd1 Rb2 0-1


[Site "https://www.chess.com"]

[Event "Titled Tuesday Blitz November 29 Late 2022"]
[White "Pakleza, Zbigniew"]
[Black "Pranav, V"]
[WhiteFideId "1119290"]
[BlackFideId "25060783"]
[WhiteElo "2411"]
[BlackElo "2430"]
[Result "1/2-1/2"]
[Round "04"]
[TimeControl "180+1"]
[Date "2022.11.30"]
[WhiteClock "0:00:04"]
[BlackClock "0:00:39"]

1. d4 d5 2. Bf4 Nf6 3. e3 c5 4. c3 Nc6 5. Nd2 Bg4 6. Ngf3 e6 7. h3 Bh5 8. Be2 Be7 9. O-O O-O 10. Ne5 Bg6 11. Nxg6 hxg6 12. Qb3 Na5 13. Qc2 cxd4 14. cxd4 Rc8 15. Qa4 a6 16. Rfc1 Rxc1+ 17. Rxc1 b5 18. Qc2 Nc4 19. b3 Nxd2 20. Qxd2 Bd6 21. Bxd6 Qxd6 22. Bd3 Qa3 23. Rc6 Re8 24. g3 Ra8 25. Kg2 Nd7 26. Qc2 Nf6 27. g4 Qb4 28. g5 Nd7 29. Rc8+ Rxc8 30. Qxc8+ Nf8 31. Qxa6 Qe7 32. Qxb5 Qxg5+ 33. Kf1 Qh5 34. a4 e5 35. dxe5 Qxh3+ 36. Ke1 Qh1+ 37. Bf1 Qe4 38. Qd3 Qxe5 39. Qd4 Qc7 40. Qxd5 Qc3+ 41. Ke2 Ne6 42. a5 Nc5 43. Qd8+ Kh7 44. Qh4+ Kg8 45. Qd8+ Kh7 46. Qh4+ Kg8 47. Qd8+ 1/2-1/2


[Site "https://www.chess.com"]

[Event "Titled Tuesday Blitz November 29 Late 2022"]
[White "Pap, Gyula"]
[Black "Sadhwani, Raunak"]
[WhiteFideId "725323"]
[BlackFideId "35093487"]
[WhiteElo "2519"]
[BlackElo "2656"]
[Result "1-0"]
[Round "04"]
[TimeControl "180+1"]
[Date "2022.11.30"]
[WhiteClock "0:00:53"]
[BlackClock "0:00:12"]

1. d4 Nf6 2. Nf3 d5 3. e3 e6 4. Bd3 Bd6 5. O-O O-O 6. Nbd2 b6 7. e4 dxe4 8. Nxe4 Be7 9. Nxf6+ Bxf6 10. Be4 c6 11. Ne5 Bb7 12. c3 Qc8 13. Qf3 a5 14. h4 Ra7 15. Bg5 Qd8 16. Qh5 g6 17. Qh6 Bg7 18. Bxd8 Bxh6 19. Bxb6 Ra8 20. a4 f6 21. Nd3 Nd7 22. Nc5 Nxb6 23. Nxb7 Nd5 24. Nc5 Kf7 25. Rfe1 Rfe8 26. g3 Bf8 27. Nd3 Rab8 28. Re2 Bd6 29. Rae1 Re7 30. Bf3 Rc8 31. Kg2 h6 32. Bg4 Rce8 33. Bf3 Rc8 34. Rd1 Rcc7 35. c4 Nb4 36. c5 1-0


[Site "https://www.chess.com"]

[Event "Titled Tuesday Blitz November 29 Late 2022"]
[White "Papasimakopoulos, Alexandros"]
[Black "Nakamura, Hikaru"]
[WhiteFideId "4244125"]
[BlackFideId "2016192"]
[WhiteElo "2365"]
[BlackElo "2909"]
[Result "1/2-1/2"]
[Round "04"]
[TimeControl "180+1"]
[Date "2022.11.30"]
[WhiteClock "0:00:03"]
[BlackClock "0:00:17"]

1. d4 g6 2. c4 Bg7 3. e4 d6 4. Nc3 Nd7 5. Nge2 e5 6. Be3 Ne7 7. Qd2 exd4 8. Bxd4 Nf6 9. f3 O-O 10. h4 a6 11. h5 b5 12. g4 c5 13. Be3 Nc6 14. O-O-O Ne5 15. Nf4 Nxf3 16. Qxd6 Qxd6 17. Rxd6 Nxg4 18. Bxc5 Be5 19. Nfd5 Bxd6 20. Bxd6 Nf2 21. hxg6 Nxh1 22. gxh7+ Kxh7 23. Bxf8 Nf2 24. Bc5 Ng4 25. cxb5 axb5 26. Bxb5 Bb7 27. a4 Nge5 28. b4 Ng5 29. a5 Kg6 30. a6 Bxa6 31. Nc7 Bxb5 32. Nxa8 Bf1 33. Nc7 Ngf3 34. N7d5 Bc4 35. Ne3 Be6 36. Kc2 Ne1+ 37. Kd2 N1f3+ 38. Kc2 Nd7 39. Bd6 Bh3 40. b5 Kf6 41. Bc7 Nc5 42. Ncd5+ Kg7 43. Nf5+ Kh7 44. Nd6 Ne5 45. b6 Bg2 46. Kb2 Kg6 47. Nf4+ Kf6 48. Nxg2 Ke6 49. Nf4+ Kd7 50. Kc3 Kc6 51. Kd4 Nf3+ 52. Ke3 Ne5 53. Nd5 Ng4+ 54. Kf4 Nf2 55. Nf5 Nfxe4 56. Nb4+ Kb7 57. Nd3 Kc6 58. Nd4+ Kd5 59. Nxc5 Nxc5 60. Nb5 Kc6 61. Nd6 Ne6+ 62. Ke5 Nxc7 63. bxc7 Kxc7 64. Kf6 Kxd6 65. Kxf7 1/2-1/2


[Site "https://www.chess.com"]

[Event "Titled Tuesday Blitz November 29 Late 2022"]
[White "Paravyan, David"]
[Black "Espinosa, Pedro"]
[WhiteFideId "4194985"]
[BlackFideId "30921066"]
[WhiteElo "2546"]
[BlackElo "2016"]
[Result "1-0"]
[Round "04"]
[TimeControl "180+1"]
[Date "2022.11.30"]
[WhiteClock "0:01:17"]
[BlackClock "0:00:05"]

1. e4 c5 2. Nf3 d6 3. d4 cxd4 4. Nxd4 Nf6 5. Nc3 Nc6 6. Bg5 e6 7. Qd3 Be7 8. O-O-O O-O 9. Be2 Qb6 10. Be3 Ne5 11. Qd2 Neg4 12. Nf5 Qd8 13. Nxe7+ Qxe7 14. Bxg4 Nxg4 15. Qxd6 Qf6 16. Bc5 Re8 17. f3 Ne5 18. Kb1 Nc4 19. Qd4 Qxd4 20. Bxd4 a6 21. b3 Na5 22. Na4 b5 23. Nb6 Rb8 24. Kb2 Nc6 25. Bf2 f6 26. Rd6 Bb7 27. Nd7 Rbd8 28. Bb6 Rc8 29. Nc5 Ba8 30. Nxa6 Ne5 31. Nb4 Nf7 32. Rd2 Rb8 33. Bf2 Rec8 34. Rhd1 Rb7 35. Rd7 Rxd7 36. Rxd7 f5 37. exf5 exf5 38. Bd4 Bc6 39. Nxc6 Rxc6 40. Rb7 Nd6 41. Rxg7+ Kf8 42. Rxh7 f4 43. c3 b4 44. cxb4 Nb5 45. Bc5+ Kg8 46. Rd7 Re6 47. Rd2 Nc7 48. a4 Ne8 49. a5 Nf6 50. Ka3 Ne4 51. fxe4 Rxe4 52. Rf2 Re2 53. Rxe2 1-0


[Site "https://www.chess.com"]

[Event "Titled Tuesday Blitz November 29 Late 2022"]
[White "Pinheiro, Iung Alicio de O."]
[Black "Miller, Luke C"]
[WhiteFideId "2104350"]
[BlackFideId "2096935"]
[WhiteElo "2283"]
[BlackElo "2397"]
[Result "1-0"]
[Round "04"]
[TimeControl "180+1"]
[Date "2022.11.30"]
[WhiteClock "0:00:08"]
[BlackClock "0:00:05"]

1. e4 c5 2. Nf3 d6 3. Bc4 Nf6 4. d3 g6 5. O-O Bg7 6. Re1 O-O 7. c3 Nc6 8. Bb3 Rb8 9. d4 e5 10. dxc5 dxc5 11. Qxd8 Rxd8 12. Bg5 h6 13. Bxf6 Bxf6 14. Nbd2 b5 15. Bd5 Ne7 16. c4 bxc4 17. Bxc4 Rxb2 18. Nb3 Bg4 19. Re3 Kg7 20. Ne1 Nc6 21. Nxc5 Nd4 22. Nb3 Nc2 23. Nxc2 Rxc2 24. Bd5 Bg5 25. Rg3 Be2 26. Na5 Rb8 27. Rb3 Rbc8 28. h3 Bf4 29. g3 Bd2 30. Nc6 R8xc6 31. Bxc6 Rxc6 32. Rb2 Bc3 33. Rc1 Bxb2 34. Rxc6 a5 35. Rc2 Bf3 36. Rxb2 Bxe4 37. Rb5 a4 38. Rxe5 1-0


[Site "https://www.chess.com"]

[Event "Titled Tuesday Blitz November 29 Late 2022"]
[White "Poliakova, Varvara"]
[Black "Shankland, Sam"]
[WhiteFideId "13518313"]
[BlackFideId "2004887"]
[WhiteElo "2099"]
[BlackElo "2612"]
[Result "0-1"]
[Round "04"]
[TimeControl "180+1"]
[Date "2022.11.30"]
[WhiteClock "0:00:09"]
[BlackClock "0:00:52"]

1. e4 c5 2. Nf3 d6 3. d4 cxd4 4. Nxd4 Nf6 5. Nc3 Nc6 6. h3 g6 7. Nb3 Bg7 8. Be2 O-O 9. O-O b6 10. Re1 Bb7 11. Bf1 Rc8 12. Bg5 h6 13. Bh4 Ne5 14. Nd4 a6 15. Nf3 Nc4 16. Bxc4 Rxc4 17. Qd3 Qc7 18. Rad1 b5 19. Rd2 Rc8 20. Ree2 Rb4 21. Bxf6 Bxf6 22. Nd1 Qc4 23. c3 Qxd3 24. Rxd3 Rxe4 25. Red2 a5 26. Ne3 b4 27. cxb4 Rxb4 28. b3 a4 29. Nc2 Rf4 30. Ncd4 axb3 31. axb3 d5 32. g3 Re4 33. Kg2 Ba6 34. Re3 Rxe3 35. fxe3 e5 36. Nc2 Bb7 37. Nb4 Rd8 38. Kf2 Be7 39. Nc2 f6 40. Nfe1 Kf7 41. b4 Ke6 42. Nd3 Rc8 43. Na3 Rc3 44. Nb1 Rc8 45. Na3 h5 46. Rb2 Rc3 47. Nc5+ Bxc5 48. bxc5 Bc6 49. Nb5 Rxc5 50. Na7 Bd7 51. Rb6+ Kf5 52. Kf3 e4+ 53. Kf2 Rc7 54. Nb5 Bxb5 55. Rxb5 Ke5 56. Rb6 g5 57. h4 Rc2+ 58. Ke1 gxh4 59. gxh4 Rh2 60. Kf1 Rxh4 61. Kf2 Rh3 62. Rb8 h4 63. Re8+ Kf5 64. Rh8 Rf3+ 65. Ke2 h3 66. Rg8 Ke6 67. Rg7 f5 68. Rg6+ Ke5 69. Rh6 d4 0-1


[Site "https://www.chess.com"]

[Event "Titled Tuesday Blitz November 29 Late 2022"]
[White "Preotu, Razvan"]
[Black "Martinez Reyes, Pedro Ramon"]
[WhiteFideId "2613280"]
[BlackFideId "3901807"]
[WhiteElo "2407"]
[BlackElo "2354"]
[Result "1/2-1/2"]
[Round "04"]
[TimeControl "180+1"]
[Date "2022.11.30"]
[WhiteClock "0:00:06"]
[BlackClock "0:00:10"]

1. e4 c6 2. Nc3 d5 3. Nf3 Bg4 4. h3 Bxf3 5. Qxf3 e6 6. Be2 Nd7 7. d4 dxe4 8. Nxe4 Ngf6 9. c3 Nxe4 10. Qxe4 Bd6 11. O-O O-O 12. Bf3 Qc7 13. g3 a5 14. a4 Rfe8 15. Bg2 e5 16. dxe5 Bxe5 17. Qc2 Rad8 18. Bd2 Nf6 19. Rad1 h6 20. Rfe1 Bd6 21. Rxe8+ Rxe8 22. Qd3 Bc5 23. b4 Rd8 24. Qe2 Bd6 25. Be1 Re8 26. Qd3 Be7 27. Qf5 axb4 28. cxb4 Rd8 29. Rb1 Qd7 30. Qxd7 Rxd7 31. b5 Nd5 32. bxc6 bxc6 33. a5 Bc5 34. Rc1 Bb4 35. Bxd5 Bxe1 36. Bxf7+ Kxf7 37. Rxe1 Ra7 38. Ra1 Ra6 39. f4 c5 40. Kf2 Ke6 41. Ke3 Kd5 42. g4 c4 43. f5 Kc5 44. h4 Kb4 45. g5 hxg5 46. hxg5 c3 47. Kd3 Rd6+ 48. Kc2 Rd2+ 49. Kc1 Rh2 50. Rb1+ Kc4 51. Rb7 Rh1+ 52. Kc2 Rh2+ 53. Kb1 Rh1+ 54. Kc2 Rh2+ 55. Kd1 Rh1+ 56. Ke2 Rh2+ 57. Kf3 c2 58. Rc7+ Kb5 59. f6 gxf6 60. gxf6 Rh6 61. Rxc2 Rxf6+ 62. Ke4 Kxa5 63. Rd2 Rc6 64. Rd5+ Kb6 65. Ke5 Rc5 66. Rxc5 Kxc5 1/2-1/2


[Site "https://www.chess.com"]

[Event "Titled Tuesday Blitz November 29 Late 2022"]
[White "Putnam, Liam"]
[Black "Ilkhomi, Jaloliddin"]
[WhiteFideId "30938279"]
[BlackFideId "14700948"]
[WhiteElo "2082"]
[BlackElo "2045"]
[Result "1-0"]
[Round "04"]
[TimeControl "180+1"]
[Date "2022.11.30"]
[WhiteClock "0:00:25"]
[BlackClock "0:00:17"]

1. d4 Nf6 2. c4 e6 3. Bf4 Bb4+ 4. Nd2 O-O 5. a3 Bd6 6. Bxd6 cxd6 7. Ngf3 b6 8. e4 Bb7 9. Bd3 d5 10. cxd5 exd5 11. e5 Ne4 12. Qc2 f5 13. exf6 Nxf6 14. O-O Nc6 15. Rae1 Rc8 16. Qb1 Nb8 17. Re5 Ba6 18. Bxa6 Nxa6 19. Rfe1 Nc7 20. h3 Ne6 21. Nf1 Qc7 22. Ne3 Nxd4 23. Nf5 Nxf3+ 24. gxf3 Qc2 25. Ne7+ Kf7 26. Nxc8 Qxc8 27. Re7+ Kg8 28. Qf5 Qc6 29. Qg5 d4 30. Qxg7# 1-0


[Site "https://www.chess.com"]

[Event "Titled Tuesday Blitz November 29 Late 2022"]
[White "Qashashvili, Alexandre"]
[Black "Tomaszewski, Kacper"]
[WhiteFideId "13600842"]
[BlackFideId "1127373"]
[WhiteElo "2405"]
[BlackElo "2211"]
[Result "1/2-1/2"]
[Round "04"]
[TimeControl "180+1"]
[Date "2022.11.30"]
[WhiteClock "0:00:08"]
[BlackClock "0:01:27"]

1. e4 e5 2. Nf3 Nf6 3. Nc3 Nc6 4. d4 exd4 5. Nxd4 Nxe4 6. Nxc6 Nxc3 7. Nxd8 Nxd1 8. Nxf7 Kxf7 9. Kxd1 d5 10. Be3 Bg4+ 11. Be2 Bxe2+ 12. Kxe2 Re8 13. Rhd1 c6 14. Kf3 a6 15. Re1 Bd6 16. Bf4 Bxf4 17. Kxf4 Rhf8 18. f3 Kg6+ 19. Kg3 Kf5 20. Kf2 g5 21. Rxe8 Rxe8 22. Re1 Rxe1 23. Kxe1 c5 24. Ke2 b5 25. c3 h5 26. a3 a5 27. b4 axb4 28. axb4 d4 29. cxd4 cxb4 30. Kd3 Kf4 31. Kc2 g4 32. Kb3 gxf3 33. gxf3 h4 34. Kxb4 h3 35. Kc3 Kxf3 36. d5 Kg2 37. d6 b4+ 38. Kxb4 Kxh2 39. d7 Kg1 40. d8=Q h2 41. Qg5+ Kh1 42. Qf5 Kg1 43. Qc5+ Kg2 44. Qc2+ Kg1 45. Qd1+ Kg2 46. Qe2+ Kg1 47. Qe3+ Kg2 48. Qg5+ Kh1 49. Qe5 Kg1 50. Qf5 h1=Q 51. Qb1+ Kg2 52. Qxh1+ Kxh1 1/2-1/2


[Site "https://www.chess.com"]

[Event "Titled Tuesday Blitz November 29 Late 2022"]
[White "Radjabov, Teimour"]
[Black "Zhigalko, Sergei"]
[WhiteFideId "13400924"]
[BlackFideId "13502956"]
[WhiteElo "2709"]
[BlackElo "2662"]
[Result "0-1"]
[Round "04"]
[TimeControl "180+1"]
[Date "2022.11.30"]
[WhiteClock "0:00:02"]
[BlackClock "0:00:02"]

1. Nf3 d5 2. c4 d4 3. g3 Nc6 4. Bg2 e5 5. d3 Nf6 6. O-O a5 7. a3 h6 8. e3 Bc5 9. exd4 Bxd4 10. Nxd4 Nxd4 11. Nc3 O-O 12. Rb1 Bg4 13. f3 Bf5 14. f4 Bg4 15. Qd2 exf4 16. Rxf4 Re8 17. h3 Ne2+ 18. Nxe2 Rxe2 19. Qc3 Bh5 20. Bf1 Re6 21. Rf2 Qd7 22. Bf4 a4 23. Re1 Rae8 24. Rxe6 Rxe6 25. Be5 Ne8 26. d4 f6 27. Bf4 Nd6 28. Bxd6 Rxd6 29. d5 Bf7 30. Bg2 Rb6 31. Kh2 Rb3 32. Qd4 Qd6 33. Rf4 b6 34. Rf3 Qe7 35. Rxb3 axb3 36. Qc3 Qe2 37. Qxb3 Bg6 38. Qf3 Qxb2 39. Qg4 Kh7 40. h4 h5 41. Qf3 Qc2 42. Qf4 Qc3 43. Kg1 Qxa3 44. g4 Qc5+ 45. Kh2 Qd6 46. Kg3 hxg4 47. Kxg4 Qxf4+ 48. Kxf4 Bd3 49. Ke3 Bxc4 50. Kd4 Bb5 51. Be4+ Kh6 52. Bf3 Bd7 53. Kc4 g5 54. hxg5+ Kxg5 55. Bd1 Kf4 56. Kd4 f5 57. Bc2 Bc8 58. Bb1 Bb7 59. Bd3 Bc8 60. Bb5 Kg5 61. Ke5 f4 62. Be2 Bg4 63. Bf1 f3 64. Ke4 Kh4 65. Kf4 f2 66. Ke3 Kg3 0-1


[Site "https://www.chess.com"]

[Event "Titled Tuesday Blitz November 29 Late 2022"]
[White "Radovanovic, Dusan"]
[Black "Olafsson, Helgi"]
[WhiteFideId "926868"]
[BlackFideId "2300010"]
[WhiteElo "2341"]
[BlackElo "2463"]
[Result "0-1"]
[Round "04"]
[TimeControl "180+1"]
[Date "2022.11.30"]
[WhiteClock "0:00:12"]
[BlackClock "0:00:05"]

1. e4 c5 2. Nf3 e6 3. d4 cxd4 4. Nxd4 a6 5. c4 Nf6 6. Nc3 Bb4 7. Qd3 O-O 8. Be2 Nc6 9. Nxc6 dxc6 10. f3 e5 11. Be3 Be6 12. Qxd8 Rfxd8 13. O-O Nd7 14. Rfd1 b5 15. cxb5 axb5 16. a3 Bc5 17. Kf2 Kf8 18. Rd2 Bxe3+ 19. Kxe3 Ke7 20. Rad1 Rdb8 21. g3 Nc5 22. f4 f6 23. Rd6 Rc8 24. f5 Bb3 25. R1d2 Ra7 26. g4 Rd7 27. Rxd7+ Nxd7 28. h4 Nc5 29. g5 Bf7 30. Bd1 Rb8 31. b4 Nd7 32. Ne2 Nb6 33. Rd3 Ra8 34. Ng3 Nc4+ 35. Kf2 Rxa3 36. Rxa3 Nxa3 37. Ke3 Nc4+ 38. Kd3 Nd6 39. Kc3 Nc8 40. Bb3 Bxb3 41. Kxb3 Nb6 42. g6 h6 43. Nh5 Kf8 44. Kc3 Nd7 45. Kd3 c5 46. bxc5 Nxc5+ 47. Kc3 Nxe4+ 48. Kb4 Nd6 49. Ng3 Ke7 50. Kc5 Kd7 51. h5 Kc7 52. Kd5 b4 53. Ne2 Nxf5 54. Ke6 Nd4+ 55. Kf7 Nxe2 56. Kxg7 b3 57. Kh7 b2 58. g7 b1=Q+ 59. Kxh6 Qg1 60. Kh7 Nf4 61. g8=Q Qxg8+ 62. Kxg8 Nxh5 0-1


[Site "https://www.chess.com"]

[Event "Titled Tuesday Blitz November 29 Late 2022"]
[White "Rangel, Daniel"]
[Black "Burke, Paul"]
[WhiteFideId "2124475"]
[BlackFideId "2605767"]
[WhiteElo "2225"]
[BlackElo "1923"]
[Result "1-0"]
[Round "04"]
[TimeControl "180+1"]
[Date "2022.11.30"]
[WhiteClock "0:01:42"]
[BlackClock "0:00:30"]

1. e4 e5 2. Nf3 Nc6 3. d4 exd4 4. Nxd4 Be7 5. Nc3 d6 6. Be3 Nf6 7. Qd2 O-O 8. O-O-O Nxd4 9. Bxd4 c5 10. Be3 a6 11. f3 b5 12. g4 b4 13. Ne2 Be6 14. Kb1 Qa5 15. Nc1 c4 16. Qf2 Rfb8 17. g5 Nd7 18. f4 Bg4 19. Rd5 Nc5 20. Bxc4 Be6 21. f5 Bxd5 22. Bxd5 Na4 23. g6 Bf6 24. gxf7+ Kh8 25. Bd4 Nc3+ 26. Ka1 Nxd5 27. exd5 Bxd4 28. Qxd4 Qc5 29. Qxc5 dxc5 30. Re1 Rf8 31. Re7 Rad8 32. Nd3 Rxd5 33. b3 Rxf5 34. Ne5 h6 35. Ng6+ Kh7 36. Nxf8+ Kh8 37. Ng6+ 1-0


[Site "https://www.chess.com"]

[Event "Titled Tuesday Blitz November 29 Late 2022"]
[White "Redzisz, Michal"]
[Black "Grot, Blazej"]
[WhiteFideId "21816107"]
[BlackFideId "21835845"]
[WhiteElo "2136"]
[BlackElo "1822"]
[Result "1-0"]
[Round "04"]
[TimeControl "180+1"]
[Date "2022.11.30"]
[WhiteClock "0:00:18"]
[BlackClock "0:00:01"]

1. Na3 e5 2. c4 d6 3. g3 Nd7 4. Bg2 Ngf6 5. Nc2 Be7 6. d4 O-O 7. b3 c6 8. Bb2 Qc7 9. e3 Re8 10. Ne2 Nf8 11. O-O Bf5 12. Rc1 Rad8 13. Nc3 N8d7 14. e4 Bg6 15. Re1 exd4 16. Nxd4 Nc5 17. Qd2 Bf8 18. f3 a5 19. Nde2 Nfd7 20. Nf4 Ne5 21. h4 h6 22. Nxg6 fxg6 23. Re3 Be7 24. Ne2 g5 25. hxg5 hxg5 26. Nd4 Bf6 27. Qe2 Qb6 28. f4 gxf4 29. gxf4 Ned3 30. Rxd3 Nxd3 31. Qxd3 c5 32. Nf5 Bxb2 33. Qd5+ Kf8 34. Nh4 Re7 35. Ng6+ Ke8 36. Bh3 Rf7 37. Qe6+ 1-0


[Site "https://www.chess.com"]

[Event "Titled Tuesday Blitz November 29 Late 2022"]
[White "Remizov, Yaroslav"]
[Black "Manelyuk, Daniil"]
[WhiteFideId "34134015"]
[BlackFideId "44173920"]
[WhiteElo "2414"]
[BlackElo "2209"]
[Result "1-0"]
[Round "04"]
[TimeControl "180+1"]
[Date "2022.11.30"]
[WhiteClock "0:00:33"]
[BlackClock "0:00:34"]

1. Nc3 c5 2. Nf3 Nc6 3. d4 cxd4 4. Nxd4 g6 5. g3 Bg7 6. e3 Nf6 7. Bg2 O-O 8. O-O a6 9. b3 Qc7 10. Bb2 d6 11. Nce2 Bd7 12. c4 Rad8 13. Rc1 Qa5 14. Bc3 Qh5 15. Nf4 Qxd1 16. Rfxd1 e5 17. Nxc6 bxc6 18. Rxd6 Ne8 19. Rxd7 Rxd7 20. Bxc6 Rd6 21. Nd5 Kh8 22. Bb7 Rd7 23. Bxa6 Ra7 24. Bb5 Nd6 25. a4 Rd8 26. Nb4 Nxb5 27. axb5 Ra3 28. Nc6 Rc8 29. Nxe5 Kg8 30. Nc6 Rxb3 31. Ne7+ Kf8 32. Nxc8 Bxc3 33. c5 Bb2 34. Rb1 Rxb5 35. Nd6 Rb3 36. c6 Rc3 37. Rxb2 Rxc6 38. Ne4 Kg7 39. Kg2 Re6 40. Ng5 Re5 41. h4 Re7 42. Rb6 h5 43. Rc6 Ra7 44. Rc4 f6 45. Rc7+ Rxc7 46. Ne6+ Kf7 47. Nxc7 Ke7 48. Nd5+ Ke6 49. Nf4+ Kf5 50. f3 g5 51. Nxh5 Kg6 52. hxg5 Kxh5 53. gxf6 Kg6 54. g4 Kf7 55. Kg3 Kxf6 56. Kf4 Ke6 57. e4 Kd6 58. Kf5 Kc5 59. f4 Kb4 60. g5 Ka3 61. e5 Kb3 62. Kf6 Kb2 63. f5 Kc1 64. e6 Kc2 65. g6 Kd2 66. Kf7 Ke2 67. f6 Kf2 68. e7 Kf1 69. g7 Kg1 70. Kf8 Kg2 71. f7 Kh2 72. e8=Q Kg3 73. Kg8 Kf3 74. f8=Q+ Kg3 75. Kh8 Kh4 76. g8=Q Kh3 77. Qf1+ Kh4 78. Qh5+ Kxh5 79. Qh1# 1-0


[Site "https://www.chess.com"]

[Event "Titled Tuesday Blitz November 29 Late 2022"]
[White "Reprintsev, Alexander"]
[Black "Liu, Kelsey"]
[WhiteFideId "14100541"]
[BlackFideId "30944481"]
[WhiteElo "2230"]
[BlackElo "2283"]
[Result "1-0"]
[Round "04"]
[TimeControl "180+1"]
[Date "2022.11.30"]
[WhiteClock "0:01:08"]
[BlackClock "0:00:42"]

1. e4 c5 2. b3 b6 3. d4 cxd4 4. Qxd4 Bb7 5. Bb2 Nc6 6. Qd2 e6 7. Nc3 Bb4 8. a3 Be7 9. O-O-O Nf6 10. f4 d6 11. Nf3 O-O 12. g4 a6 13. g5 Nd7 14. h4 b5 15. f5 exf5 16. exf5 Nce5 17. Nxe5 Bxh1 18. Nxd7 Qxd7 19. f6 Bd8 20. fxg7 Re8 21. Bxb5 axb5 22. Rxh1 Bb6 23. Kb1 Bc5 24. Nd5 Re6 25. b4 Bxb4 26. Qxb4 Qc6 27. Rd1 1-0


[Site "https://www.chess.com"]